 Dungeon Crawl Stone Soup version 0.31-a0-640-g39d97e502b (webtiles) character file.

Game seed: 7815941108307430443

83 qw the Shooter (level 4, -2/28 HPs)
             Began as a Gargoyle Hunter on Aug 27, 2023.
             Was an Initiate of Okawaru.
             Slain by a gnoll
             ... wielding a +0 halberd
              (6 damage)
             ... on level 3 of the Dungeon.
             The game lasted 00:00:35 (1114 turns).

qw the Shooter (Gargoyle Hunter)                    Turns: 1114, Time: 00:00:35

Health: -2/28      AC: 10    Str: 15    XL:     4   Next: 44%
Magic:  4/4        EV: 11    Int:  9    God:    Okawaru [......]
Gold:   77         SH:  0    Dex: 15    Spells: 3/3 levels left

rFire   . . .        Y - +0 shortbow
rCold   . . .        (shield currently unavailable)
rNeg    + . .        h - +0 ring mail
rPois   inf          g - +0 helmet
rElec   +            (no cloak)
rCorr   .            d - +0 pair of gloves
SInv    .            (no boots)
Will    .....        (no amulet)
Stlth   +            (no ring)
HPRegen 0.24/turn    (no ring)
MPRegen 0.09/turn

%: no passive effects
@: no status effects
A: sickness immunity, AC +3, negative energy resistance 1, electricity
resistance, torment resistance 1, petrification resistance
a: Renounce Religion


You were on level 3 of the Dungeon.
You worshipped Okawaru.
Okawaru was noncommittal.
You visited 1 branch of the dungeon, and saw 3 of its levels.

You collected 77 gold pieces.


Innate Abilities, Weirdness & Mutations

You are immune to sickness and miasma.
Your stone body is resilient. (AC +3)
You are immune to poison.
You resist negative energy. (rN+)
You are resistant to electric shocks. (rElec)
You are resistant to unholy torment.
You are immune to petrification.


   Skills:
 - Level 3.0 Fighting
 + Level 5.3 Ranged Weapons
 - Level 1.0 Armour
 - Level 1.5 Dodging
 - Level 1.1 Stealth


You had 3 spell levels left.
You didn't know any spells.
Your spell library was empty.

Inventory:

Hand Weapons
 Y - a +0 shortbow (weapon)
Armour
 d - a +0 pair of gloves (worn)
 g - a +0 helmet (worn)
 h - a +0 ring mail (worn)
Scrolls
 a - a scroll of identify
 i - a scroll of brand weapon {unknown}
Potions
 b - a potion of invisibility {unknown}
 c - a potion of enlightenment {unknown}
 e - a potion of might {unknown}
 f - a potion of mutation {unknown}
 j - a potion of curing {unknown}

Dungeon Overview and Level Annotations

Branches:
Dungeon (3/15)

Altars:
Okawaru


Message History

You shoot an arrow. The arrow barely misses the gnoll.
The kobold hits you but does no damage. The gnoll hits you but does no damage.
You shoot an arrow. The arrow hits the gnoll.
You kill the gnoll!
Okawaru accepts your kill. The kobold hits you but does no damage.
You shoot an arrow.
The arrow hits the gnoll but does no damage.
The gnoll hits you with a +0 whip.
A gnoll comes into view. It is wielding a +0 halberd.
The kobold hits you but does no damage. The kobold closely misses you.
The gnoll hits you but does no damage.
You shoot an arrow. The arrow closely misses the gnoll.
The gnoll hits you but does no damage. The kobold misses you.
The gnoll hits you but does no damage.
You shoot an arrow. The arrow hits the gnoll!
The gnoll is severely wounded.
The gnoll hits you with a +0 whip. The kobold hits you but does no damage.
The gnoll barely misses you.
You shoot an arrow.
The arrow hits the gnoll but does no damage.
The gnoll is severely wounded.
The gnoll hits you with a +0 whip. The kobold hits you but does no damage.
The gnoll hits you from afar with a +0 halberd.
You shoot an arrow. The arrow hits the gnoll.
You kill the gnoll!
Okawaru accepts your kill. The kobold hits you but does no damage.
The gnoll barely misses you. x2
The kobold hits you but does no damage.
You shoot an arrow. The arrow hits the kobold.
You kill the kobold!
Okawaru accepts your kill.
The gnoll hits you from afar with a +0 halberd!
You shoot an arrow. The arrow hits the gnoll.
The gnoll is lightly wounded.
The gnoll misses you.
You shoot an arrow. The arrow barely misses the gnoll.
The gnoll closely misses you.
The gnoll hits you from afar with a +0 halberd.
You die...

# .##### #g.....
###)..### #.@)....#
###.......#
#..........#
#########.#.........
#...................
#.....####.####..##.
#.........)#####...
#..................
#....(.......# #.


You could see a gnoll.

Vanquished Creatures
  2 gnolls (D:3)
  An adder (D:2)
  4 dart slugs
  5 bats
  7 endoplasms
  A giant cockroach (D:2)
  3 goblins (D:1)
  4 hobgoblins
  A quokka (D:1)
  11 ball pythons
  2 frilled lizards
  2 kobolds
  4 rats
47 creatures vanquished.

Notes
Turn   | Place    | Note
-------+----------+-------------------------------------------
     0 | D:1      | qw the Gargoyle Hunter began the quest for the Orb.
     0 | D:1      | Reached XP level 1. HP: 12/12 MP: 1/1
     0 | D:1      | 0 ||| qw: Version: 0.3-a-74-g0d5e918
     0 | D:1      | 0 ||| qw: Game counter: 75
     0 | D:1      | 0 ||| qw: Melee chars always use a shield: true
     0 | D:1      | 0 ||| qw: God list: Okawaru
     0 | D:1      | 0 ||| qw: Allow faded altars: false
     0 | D:1      | 0 ||| qw: Do Orc after clearing Dungeon:15 true
     0 | D:1      | 0 ||| qw: Do second Lair branch before Depths: true
     0 | D:1      | 0 ||| qw: Lair rune preference: random
     0 | D:1      | 0 ||| qw: Goals: Normal
     0 | D:1      | 0 ||| PLANNING D:1-11
   122 | D:1      | Reached XP level 2. HP: 17/17 MP: 2/2
   194 | D:1      | Found a faded altar of an unknown god.
   373 | D:1      | Reached XP level 3. HP: 21/21 MP: 3/3
   396 | D:1      | Reached skill level 5 in Ranged Weapons
   610 | D:1      | 610 ||| UPGRADING to +0 pair of gloves.
   615 | D:1      | 615 ||| UPGRADING to +0 helmet.
   620 | D:1      | 620 ||| UPGRADING to +0 ring mail.
   630 | D:1      | 630 ||| DROPPING +0 leather armour.
   631 | D:1      | 631 ||| DROPPING amulet of magic regeneration.
   632 | D:1      | 632 ||| READING scroll labelled UHIEMN QAMIFRAM.
   633 | D:1      | 633 ||| DROPPING scroll of butterflies.
   753 | D:2      | Reached skill level 1 in Armour
   821 | D:2      | Found an iron altar of Okawaru.
   823 | D:2      | 823 ||| PLANNING OKAWARU WORSHIP
   823 | D:2      | 823 ||| READING scroll labelled XARU ATARHAIGYNG.
   824 | D:2      | 824 ||| READING scroll labelled NOMUASH ILUDE.
   825 | D:2      | 825 ||| READING scroll labelled XEACOI CIHYA.
   840 | D:2      | Became a worshipper of Warmaster Okawaru
   841 | D:2      | 841 ||| PLANNING D:1-11
   861 | D:2      | Identified the +7 dagger of Juibb {freeze, rElec Dex+5}
   885 | D:2      | Reached skill level 3 in Fighting
   885 | D:2      | Reached XP level 4. HP: 28/28 MP: 4/4
   993 | D:2      | 993 ||| READING scroll labelled ROFEBLELOI.
   994 | D:2      | 994 ||| STAIRDANCE
  1112 | D:3      | HP: 3/28 [gnoll/+0 halberd (11)]
  1114 | D:3      | Slain by a gnoll

Levels and vault maps discovered:
D:1:      lightli_arrival_lavapool, layout_loops_ring,
          chequers_ecumenical_altar_simple
D:2:      layout_rooms, basic_altar
D:3:      layout_rooms

Skill      XL: |  1  2  3 |
---------------+----------+-----
Ranged Weapons | 5 |  5.3
Armour         | 1 |  1.0
Fighting       | 3 |  3.0
Dodging        | |  1.5
Stealth        | |  1.1

Action                     |  1- 3 |  4- 6 || total
---------------------------+-------+-------++-------
   Fire: Shortbow          |   110 |    31 ||   141
    Use: Scroll            |     4 |     1 ||     5
 Armour: Leather armour    |     8 |       ||     8
         Ring mail         |     8 |    21 ||    29
  Dodge: Dodged            |    23 |    18 ||    41

Table legend:
 A = Non-vault XP
 B = Vault XP
 C = Vault XP percentage of total XP
 D = Non-vault monster count
 E = Vault monster count
 F = Vault count percentage of total count
                 A         B        C        D         E       F
            +---------+---------+-------+---------+---------+-------
      Total |     119 |       0 |   0.0 |      47 |       0 |   0.0
            +---------+---------+-------+---------+---------+-------
        D:1 |      46 |       0 |   0.0 |      27 |       0 |   0.0
        D:2 |      38 |       0 |   0.0 |      13 |       0 |   0.0
        D:3 |      35 |       0 |   0.0 |       7 |       0 |   0.0
            +---------+---------+-------+---------+---------+-------
